 Dungeon Crawl Stone Soup version 0.17-a0-1830-g81820eb (webtiles) character file.

4102 Oddball22 the Tainter (level 10, 0/79 HPs)
             Began as a Demonspawn Venom Mage on Sept 14, 2015.
             Was a Priest of Sif Muna.
             Slain by a warg (6 damage)
             ... on level 9 of the Dungeon.
             The game lasted 00:42:34 (12468 turns).

Oddball22 the Tainter (Demonspawn Venom Mage)      Turns: 12468, Time: 00:42:34

Health: 0/79       AC:  3    Str:  9    XL:     10   Next: 6%
Magic:  16/16      EV: 22    Int: 25    God:    Sif Muna [***...]
Gold:   71         SH:  0    Dex: 28    Spells: 5 memorised, 2 levels left

rFire  + . .     SeeInvis .     D - +0 dagger of Vuahodohei {drain, Int+8}
rCold  + . .     Clarity  .     a - +0 robe
rNeg   . . .     SustAt   .     (no shield)
rPois  .         Gourm    .     (helmet restricted)
rElec  .         Spirit   .     h - +0 cloak "Ymakhi" {rC+}
rCorr  .         Warding  .     (no gloves)
rMut   .         Stasis   .     (no boots)
MR     +....                    (no amulet)
Stlth  ++++++....               x - +3 ring of dexterity
                                e - ring of protection from magic

@: agile, somewhat resistant to hostile enchantments, very stealthy
A: antennae 2, thin skeletal structure 2, demonic guardian 1, fire resistance 1
a: Channel Energy, Forget Spell, Renounce Religion


You were on level 9 of the Dungeon.
You worshipped Sif Muna.
Sif Muna was most pleased with you.
You were hungry.

You visited 2 branches of the dungeon, and saw 11 of its levels.

You collected 71 gold pieces.

Inventory:

Hand weapons
 g - a +0 short sword of venom
 m - a +2 dagger of venom
 n - a +2 vampiric dagger
 D - the +0 dagger of Vuahodohei (weapon) {drain, Int+8}
   (You found it on level 9 of the Dungeon)

   A truly terrible weapon, it drains the life of those it strikes.
   It affects your intelligence (+8).
Armour
 a - a +0 robe (worn)
 h - the +0 cloak "Ymakhi" (worn) {rC+}
   (You found it on level 9 of the Dungeon)

   It protects you from cold.
 z - a +2 ring mail of cold resistance
Jewellery
 e - a ring of protection from magic (left hand)
 t - an uncursed ring of ice
 x - a +3 ring of dexterity (right hand)
 y - a cursed ring of teleportation
Magical devices
 d - a wand of confusion (10)
 q - a wand of random effects (0)
Scrolls
 f - a scroll of remove curse
 i - 2 scrolls of fog
 r - 2 scrolls of amnesia
 s - 2 scrolls of immolation {unknown}
 v - a scroll of blinking {unknown}
Books
 b - a Young Poisoner's Handbook

   Spells                             Type                      Level
   a - Sting                          Conjuration/Poison           1
   b - Cure Poison                    Poison                       2
   c - Mephitic Cloud                 Conjuration/Poison/Air       3
   d - Olgreb's Toxic Radiance        Poison                       4
   e - Venom Bolt                     Conjuration/Poison           5
 A - a book of Death

   Spells                             Type                      Level
   a - Corpse Rot                     Necromancy                   2
   b - Sublimation of Blood           Necromancy                   2
   c - Agony                          Necromancy                   5
   d - Dispel Undead                  Necromancy                   5
   e - Excruciating Wounds            Charms/Necromancy            5
   f - Bolt of Draining               Conjuration/Necromancy       5
Comestibles
 c - 9 bread rations
 o - 6 meat rations
 C - 6 beef jerkies


   Skills:
 - Level 7.5 Fighting
 - Level 5.0 Dodging
 - Level 4.8 Stealth
 - Level 4.0 Spellcasting
 + Level 4.6 Conjurations
 + Level 3.8 Air Magic
 * Level 8.0 Poison Magic


You had 2 spell levels left.
You knew the following spells:

 Your Spells              Type           Power        Failure   Level  Hunger
a - Sting                 Conj/Pois      ####         1%          1    None
b - Cure Poison           Pois           #####.....   1%          2    None
c - Mephitic Cloud        Conj/Pois/Air  ####....     2%          3    ##.....
d - Olgreb's Toxic Radia  Pois           #####...     3%          4    ####...
e - Venom Bolt            Conj/Pois      #####.....   21%         5    #####..


Dungeon Overview and Level Annotations

Branches:
Dungeon (10/15)            Temple (1/1) D:4
   Lair: D:8-11         Orc: D:9-12

Altars:
Ashenzari
Cheibriados
Dithmenos
Elyvilon
Fedhas
Gozag
Kikubaaqudgha
Makhleb
Nemelex Xobeh
Okawaru
Qazlal
Ru
Sif Muna
Trog
Vehumet
Xom
Yredelemnul
Zin
The Shining One

Shops:
D:4 !

Annotations:
D:5 1 runed door
D:7 DecibelRebel's ghost, experienced OgBe


Innate Abilities, Weirdness & Mutations

You have a pair of antennae on your head.
You have a moderately thin skeletal structure (Dex +4, Stealth+).
A weak demonic guardian rushes to your aid.
Your flesh is heat resistant.


Message History

The warg closely misses you.
Drink which item? (? for menu, Esc to quit)
It was a potion of agility.
You feel agile all of a sudden. The warg completely misses you.
You hit the warg but do no damage. You drain the warg!
The warg is severely wounded.
The warg barely misses you. The warg bites you.
* * * LOW HITPOINT WARNING * * *
You hit the warg but do no damage. You drain the warg!
The warg is severely wounded.
The warg misses you.
You hit the warg but do no damage. You drain the warg!
The warg is almost dead.
The warg bites you.
* * * LOW HITPOINT WARNING * * *
You closely miss the warg.
The warg is almost dead.
The warg bites you.
You die...

#..............#
#..............#
#....#+#.....###
######....#.#.....###
#...........+........
#...........#........
#...........#........
..#....h......#........
#.#...@.......##.......
#.#............#.######
#.#................#
#.#....[.....#.#.#.#
#.#..........#.#.#.#
.##.###.#####.....##.#.#
# ##
........................
...
##.###.#.#.#..[.......#
...
#.###.......##..##.#.#
###


You could see a warg.

Vanquished Creatures
  Maurice (D:10)
  A hippogriff (D:7)
  The ghost of DecibelRebel the Shooter, an average HEHu (D:4)
  Menkaure (D:7)
  The ghost of DecibelRebel the Slasher, an average HESk (D:5)
  A water moccasin (D:7)
  A necrophage (D:9)
  An orc warrior (D:6)
  A sky beast (D:8)
  2 phantoms
  3 ogres
  3 ice beasts
  4 giant frogs
  A wyvern skeleton (D:7)
  A scorpion (D:4)
  A giant frog zombie (D:5)
  6 crimson imps
  A jelly (D:10)
  A gnoll shaman (D:6)
  4 hounds
  A wasp zombie (D:6)
  An orc priest (D:4)
  9 orc wizards
  Jessica (D:2)
  5 worker ants
  A worker ant zombie (D:5)
  3 hound skeletons
  8 gnolls
  13 adders
  4 shadow imps
  An ooze (D:6)
  2 adder zombies
  7 worms
  18 orcs
  A bat (D:1)
  4 giant cockroaches (D:1)
  2 hobgoblins
  11 jackals
  8 kobolds
  6 quokkas
  3 ball pythons (D:3)
  7 giant geckos
  2 giant gecko skeletons
  6 giant newts
  7 goblins
  A goblin zombie (D:5)
  7 rats
175 creatures vanquished.

Vanquished Creatures (collateral kills)
  A hill giant (D:6)
  A black bear (D:6)
  4 ogres
  A shadow imp (D:7)
  4 orcs
11 creatures vanquished.

Grand Total: 186 creatures vanquished

Notes
Turn   | Place    | Note
--------------------------------------------------------------
     0 | D:1      | Oddball22 the Demonspawn Venom Mage began the quest for the Orb.
     0 | D:1      | Reached XP level 1. HP: 13/13 MP: 3/3
    86 | D:1      | Reached skill level 1 in Fighting
   301 | D:1      | Gained mutation: You have a somewhat thin skeletal structure (Dex +2, Stealth). [demonic ancestry]
   301 | D:1      | Reached XP level 2. HP: 19/21 MP: 0/5
   959 | D:1      | Learned a level 2 spell: Cure Poison
  1136 | D:2      | Reached XP level 3. HP: 27/27 MP: 4/6
  1582 | D:2      | Found a shimmering altar of Xom.
  1588 | D:2      | Noticed Jessica
  1594 | D:2      | Learned a level 3 spell: Mephitic Cloud
  1622 | D:2      | Killed Jessica
  1622 | D:2      | Gained mutation: A weak demonic guardian rushes to your aid. [demonic ancestry]
  1622 | D:2      | Reached XP level 4. HP: 18/35 MP: 7/7
  2768 | D:3      | Found an iron altar of Okawaru.
  2796 | D:3      | Gained mutation: Your flesh is heat resistant. [demonic ancestry]
  2796 | D:3      | Reached XP level 5. HP: 38/42 MP: 8/8
  3439 | D:4      | Noticed DecibelRebel's ghost (average HEHu)
  3591 | D:4      | Found Ugruffo's Distillery.
  3629 | D:4      | Found a burning altar of Makhleb.
  3955 | D:4      | Found a shadowy altar of Dithmenos.
  4112 | D:4      | Gained mutation: You have a pair of small antennae on your head. [demonic ancestry]
  4112 | D:4      | Reached XP level 6. HP: 44/49 MP: 4/9
  4368 | D:4      | Found a staircase to the Ecumenical Temple.
  4377 | Temple   | Entered the Ecumenical Temple
  4425 | Temple   | Became a worshipper of Sif Muna the Loreminder
  4871 | D:4      | Reached skill level 5 in Fighting
  5095 | D:4      | Noticed a phantom
  5481 | D:4      | Killed a phantom
  5481 | D:4      | Reached XP level 7. HP: 8/56 MP: 6/10
  6229 | D:4      | Killed DecibelRebel's ghost
  6333 | D:5      | Entered Level 5 of the Dungeon
  6443 | D:5      | Reached skill level 6 in Fighting
  6487 | D:5      | Noticed DecibelRebel's ghost (average HESk)
  6496 | D:5      | Killed DecibelRebel's ghost
  6789 | D:5      | Gained mutation: You have a pair of antennae on your head. [demonic ancestry]
  6789 | D:5      | Reached XP level 8. HP: 37/65 MP: 11/11
  6794 | D:5      | Found a runed door.
  6794 | D:5      | Noticed a human
  6813 | D:5      | Found a basalt altar of Yredelemnul.
  7066 | D:5      | Reached skill level 7 in Fighting
  7497 | D:5      | Reached skill level 5 in Dodging
  7662 | D:5      | Learned a level 4 spell: Olgreb's Toxic Radiance
  7746 | D:6      | Reached skill level 1 in Conjurations
  7829 | D:6      | Reached skill level 1 in Air Magic
  8035 | D:6      | Found a shimmering altar of Xom.
  8141 | D:6      | Reached skill level 5 in Poison Magic
  8388 | D:6      | Noticed a hill giant
  8397 | D:6      | Acquired Sif Muna's first power
  8411 | D:6      | Killed a hill giant
  8411 | D:6      | Reached XP level 9. HP: 44/72 MP: 5/13
  8920 | D:7      | Noticed Menkaure
  9203 | D:7      | Acquired Sif Muna's second power
 10247 | D:7      | Noticed DecibelRebel's ghost (experienced OgBe)
 10540 | D:7      | Killed Menkaure
 10692 | D:7      | Learned a level 5 spell: Venom Bolt
 10973 | D:8      | You fall through a shaft for 2 floors!
 10973 | D:10     | Entered Level 10 of the Dungeon
 11337 | D:10     | Noticed Maurice
 11367 | D:10     | HP: 3/72 [something (8)]
 11381 | D:10     | Killed Maurice
 11736 | D:9      | Found a sacrificial altar of Ru.
 11915 | D:9      | Got a transparent dagger
 11916 | D:9      | Identified the cursed +0 dagger of Vuahodohei {drain, Int+8} (You found it on level 9 of the Dungeon)
 11978 | D:9      | Gained mutation: You have a moderately thin skeletal structure (Dex +4, Stealth+). [demonic ancestry]
 11978 | D:9      | Reached XP level 10. HP: 72/79 MP: 16/16
 12016 | D:9      | Reached skill level 8 in Poison Magic
 12130 | D:9      | Got a pitted cloak
 12136 | D:9      | Identified the cursed +0 cloak "Ymakhi" {rC+} (You found it on level 9 of the Dungeon)
 12468 | D:9      | Slain by a warg

Vault maps used:
D:1:      co_arrival_square_in_a_square_in_a_square, serial_bayou,
          serial_bayou_lagoon_a, serial_bayou_pond_a, serial_bayou_pond_c,
          serial_bayou_pond_e, serial_bayou_pond_a, minivault_14
D:2:      xom_butterflies, uniq_jessica
D:3:      nicolae_overflow_crystal_walls, minmay_shallow_snake_nest
D:4:      kennysheep_mini_moat, minmay_temple_entry_trees, serial_shops, shop,
          grunt_dithmenos_smoke
D:5:      first_bread, dk_yredelemnul_ordeal
D:6:      basic_altar
D:7:      grunt_ogre_cave, uniq_menkaure
D:8:      erik_lair_orcish_takeover, fedhas_altar_decomposition
D:9:      nicolae_ru_great_annihilating_truth
D:10:     erik_orc_2, spider_trap, uniq_maurice, uniq_grum
Temple:   lightli_temple_of_artemis

Action                   |  1- 3 |  4- 6 |  7- 9 | 10-12 || total
-------------------------+-------+-------+-------+-------++-------
Melee: Short sword       |    61 |   118 |       |       ||   179
       Dagger            |       |    85 |   487 |    55 ||   627
 Cast: Sting             |    36 |    35 |    80 |     7 ||   158
       Cure Poison       |       |     2 |     7 |       ||     9
       Mephitic Cloud    |       |     4 |     1 |       ||     5
       Venom Bolt        |       |       |       |     4 ||     4
Evoke: Wand              |       |       |     9 |       ||     9
  Use: Potion            |     1 |     2 |     3 |     4 ||    10
       Scroll            |       |     3 |     6 |     4 ||    13
 Stab: Sleeping          |     3 |    10 |    10 |       ||    23
       Distracted        |       |     4 |     2 |       ||     6
       Confused          |       |       |     1 |       ||     1
       Paralysed         |       |       |     1 |       ||     1
  Eat: Chunk             |     3 |    11 |    13 |     2 ||    29
       Fruit             |       |     2 |       |       ||     2
       Beef jerky        |       |       |     2 |       ||     2
       Bread ration      |       |       |     1 |       ||     1
       Pizza             |       |       |     2 |       ||     2
